[Event "Austria Championship Blitz 2024"]
[Site "Innsbruck"]
[Date "2024.06.01"]
[Round "9.14"]
[White "Keferboeck, Jewgeni"]
[Black "Kranzl, Peter"]
[Result "1/2-1/2"]
[ECO "B12"]
[WhiteElo "1957"]
[BlackElo "2157"]
[Annotator "RC"]
[PlyCount "196"]
[EventDate "2024.06.01"]
[EventType "swiss"]
[EventCountry "AUT"]
[SourceTitle "playchess.com"]
[Source "ChessBase"]
[SourceQuality "1"]
[TimeControl "180+2"]

1. e4 c6 2. d4 d5 3. e5 Bf5 4. h4 h5 5. Bd3 Bxd3 6. Qxd3 e6 7. Bg5 Qa5+ 8. Nd2 Qa6 9. c4 Nd7 10. Ngf3 Ne7 11. O-O dxc4 12. Nxc4 Nd5 13. Rfd1 N7b6 14. b3 Nb4 15. Qe2 Be7 16. a3 N4d5 17. a4 Nc3 18. Nd6+ Bxd6 19. Qxa6 bxa6 20. exd6 Nxd1 21. Rxd1 f6 22. Bf4 Kd7 23. Nd2 Nd5 24. Bg3 Nc3 25. Re1 Rab8 26. Kf1 g5 27. hxg5 fxg5 28. Be5 Rhf8 29. Rc1 Nd5 30. Ne4 Rbe8 31. Nc5+ Kd8 32. d7 Re7 33. Bd6 Rff7 34. Bxe7+ Rxe7 35. Re1 Nc7 36. Re5 Rg7 37. Ke2 h4 38. Nxe6+ Nxe6 39. Rxe6 Kxd7 40. Rh6 a5 41. Kd3 Kc7 42. f3 g4 43. Rxh4 gxf3 44. gxf3 Rg1 45. f4 Rb1 46. Kc2 Rf1 47. Kd3 Rb1 48. Kc4 Rc1+ 49. Kd3 Rb1 50. Kc3 Rc1+ 51. Kd2 Rb1 52. Kc2 Rf1 53. Kc3 Rc1+ 54. Kd2 Rb1 55. Kc2 Rf1 56. Rh7+ Kb6 57. Rf7 Rf3 58. f5 a6 59. f6 c5 60. dxc5+ Kxc5 61. Rf8 Rf2+ 62. Kc3 Rf3+ 63. Kb2 Kb6 64. f7 Kb7 65. Kc2 Ka7 66. Kb2 Kb7 67. Kc2 Ka7 68. Kd2 Kb7 69. Ke2 Rf6 70. Kd3 Ka7 71. Ke4 Rf1 72. Ke5 Rf2 73. Ke6 Re2+ 74. Kf6 Rf2+ 75. Ke7 Re2+ 76. Kd6 Rd2+ 77. Kc5 Rf2 78. b4 axb4 79. Kxb4 Rf5 80. a5 Rf1 81. Kc4 Rf2 82. Kb4 Rf1 83. Kc5 Rf2 84. Kc6 Rf1 85. Kd6 Rd1+ 86. Kc5 Rc1+ 87. Kd4 Rf1 88. Kc4 Rf2 89. Kd5 Rf1 90. Ke6 Re1+ 91. Kf5 Rf1+ 92. Kg6 Rg1+ 93. Kh5 Rh1+ 94. Kg4 Rf1 95. Kg3 Kb7 96. Kg2 Rf6 97. Kg3 Ka7 98. Kg4 Rf1 1/2-1/2

[Event "Austria Championship Blitz 2024"]
[Site "Innsbruck"]
[Date "2024.06.01"]
[Round "9.15"]
[White "Froewis, Annika"]
[Black "Kuzmanovic, Zeljko"]
[Result "0-1"]
[ECO "B05"]
[WhiteElo "2075"]
[BlackElo "1866"]
[Annotator "RC"]
[PlyCount "64"]
[EventDate "2024.06.01"]
[EventType "swiss"]
[EventCountry "AUT"]
[SourceTitle "playchess.com"]
[Source "ChessBase"]
[SourceQuality "1"]
[TimeControl "180+2"]

1. e4 Nf6 2. e5 Nd5 3. c4 Nb6 4. d4 d6 5. exd6 exd6 6. Nc3 Nc6 7. Nf3 Bg4 8. Be3 Be7 9. Rc1 O-O 10. b3 Re8 11. Be2 Bf6 12. O-O d5 13. c5 Nc8 14. h3 Bf5 15. Re1 b6 16. Bb5 N8e7 17. cxb6 cxb6 18. Bg5 Bxg5 19. Nxg5 a6 20. Bxc6 Nxc6 21. Rxe8+ Qxe8 22. Nxd5 Rd8 23. Rxc6 Rxd5 24. Rxb6 Bc8 25. Nf3 Qd8 26. Rc6 Bb7 27. Rc4 h6 28. Qc2 Rh5 29. Ne5 Qg5 30. f3 Rxh3 31. Rc7 Qe3+ 32. Kf1 Rh1# 0-1

[Event "Austria Championship Blitz 2024"]
[Site "Innsbruck"]
[Date "2024.06.01"]
[Round "9.16"]
[White "Schnegg, Anna-Lena"]
[Black "Wimmer, Michael"]
[Result "0-1"]
[ECO "A10"]
[WhiteElo "2124"]
[BlackElo "2142"]
[Annotator "RC"]
[PlyCount "52"]
[EventDate "2024.06.01"]
[EventType "swiss"]
[EventCountry "AUT"]
[SourceTitle "playchess.com"]
[Source "ChessBase"]
[SourceQuality "1"]
[TimeControl "180+2"]

1. c4 b6 2. Nc3 Bb7 3. e4 e5 4. Nge2 Nc6 5. g3 g6 6. Bg2 Bg7 7. O-O Nge7 8. d3 d6 9. f4 f5 10. exf5 Nxf5 11. fxe5 Bxe5 12. d4 Bg7 13. Kh1 O-O 14. d5 Ne5 15. b3 Ng4 16. Qd3 Qe7 17. Nf4 Nge3 18. Bxe3 Nxe3 19. Rfe1 Rae8 20. Ne6 Nxg2 21. Kxg2 Qf6 22. Ne4 Qb2+ 23. Kg1 Rxe6 24. dxe6 Bd4+ 25. Kh1 Rf2 26. Rf1 Rxh2# 0-1

[Event "Austria Championship Blitz 2024"]
[Site "Innsbruck"]
[Date "2024.06.01"]
[Round "9.17"]
[White "Khalakhan, Jurij"]
[Black "Leonov, Leonid"]
[Result "1-0"]
[ECO "A01"]
[WhiteElo "2175"]
[BlackElo "1739"]
[Annotator "RC"]
[PlyCount "103"]
[EventDate "2024.06.01"]
[EventType "swiss"]
[EventCountry "AUT"]
[SourceTitle "playchess.com"]
[Source "ChessBase"]
[SourceQuality "1"]
[TimeControl "180+2"]

1. b3 e5 2. Bb2 Nc6 3. c4 Nf6 4. g3 d5 5. d3 Bd6 6. Bg2 Be6 7. e3 O-O 8. Ne2 Qe7 9. O-O Rad8 10. Nbc3 dxc4 11. bxc4 a6 12. Rb1 Na5 13. Qa4 b6 14. Rfd1 Bd7 15. Qc2 Bc6 16. e4 Bd7 17. Nd5 Qe6 18. Ne3 g6 19. Nc3 c6 20. h4 Bc7 21. Kh2 Nb7 22. Ba3 Rfe8 23. Qe2 Ng4+ 24. Nxg4 Qxg4 25. f3 Qh5 26. Qf2 f5 27. Bc1 Nc5 28. Be3 f4 29. Bxc5 bxc5 30. Rb7 Bd6 31. g4 Qh6 32. Rh1 Re7 33. Rb6 Ra8 34. h5 g5 35. Rhb1 Ree8 36. Bf1 Qe6 37. Qb2 h6 38. Be2 Bf8 39. Bd1 Be7 40. Ba4 Rec8 41. Qf2 Rc7 42. Bc2 Bd8 43. Na4 Qd6 44. Qxc5 Qxc5 45. Nxc5 Be8 46. Rb8 Rc8 47. Rxa8 Rxa8 48. Ba4 Be7 49. Ne6 Bd7 50. Nc7 c5 51. Rb8+ Kf7 52. Rb6 1-0

[Event "Austria Championship Blitz 2024"]
[Site "Innsbruck"]
[Date "2024.06.01"]
[Round "9.20"]
[White "Muehlbacher, Bernhard"]
[Black "Hatzl, Johannes"]
[Result "1-0"]
[ECO "D30"]
[WhiteElo "1960"]
[BlackElo "2074"]
[Annotator "RC"]
[PlyCount "89"]
[EventDate "2024.06.01"]
[EventType "swiss"]
[EventCountry "AUT"]
[SourceTitle "playchess.com"]
[Source "ChessBase"]
[SourceQuality "1"]
[TimeControl "180+2"]

1. c4 e6 2. g3 d5 3. Bg2 Nf6 4. Nf3 Be7 5. O-O O-O 6. b3 c5 7. cxd5 exd5 8. d4 Nc6 9. Bb2 Bf5 10. Nbd2 Re8 11. Nh4 Be6 12. dxc5 Bxc5 13. e4 Nxe4 14. Nxe4 dxe4 15. Bxe4 Qb6 16. Qh5 h6 17. Bg2 Rad8 18. Rac1 Bxf2+ 19. Rxf2 Rd2 20. Qc5 Rxf2 21. Kxf2 Qd8 22. Qc3 Qb6+ 23. Kf1 Qb5+ 24. Kg1 f6 25. Bxc6 bxc6 26. Qxc6 Qb8 27. Ng6 Bf7 28. Nf4 Qe5 29. Bxe5 Rxe5 30. Qc8+ Kh7 31. Nh5 Bxh5 32. Rc7 Bf3 33. Rc1 Be4 34. Qb8 Bg6 35. Qxa7 Re2 36. b4 Be4 37. b5 Rg2+ 38. Kf1 Rxh2 39. Qg1 Rxa2 40. Qe3 Bg2+ 41. Kg1 h5 42. Qd3+ g6 43. Qd7+ Kh6 44. Qd8 Be4 45. Rc5 1-0

[Event "Austria Championship Blitz 2024"]
[Site "Innsbruck"]
[Date "2024.06.01"]
[Round "9.21"]
[White "Erhard, Jakob"]
[Black "Thurner, Sebastian"]
[Result "1-0"]
[ECO "B14"]
[WhiteElo "2057"]
[BlackElo "1750"]
[Annotator "RC"]
[PlyCount "73"]
[EventDate "2024.06.01"]
[EventType "swiss"]
[EventCountry "AUT"]
[SourceTitle "playchess.com"]
[Source "ChessBase"]
[SourceQuality "1"]
[TimeControl "180+2"]

1. d4 Nf6 2. c4 c5 3. e3 cxd4 4. exd4 d5 5. Nf3 e6 6. Nc3 Bb4 7. Bg5 h6 8. Bh4 g5 9. Bg3 Ne4 10. Qc2 Qa5 11. Nd2 Nxc3 12. bxc3 Bxc3 13. Rd1 Nc6 14. cxd5 exd5 15. Bd3 Nxd4 16. Qc1 O-O 17. O-O Bf5 18. Nb3 Nxb3 19. axb3 Bxd3 20. Rxd3 d4 21. h4 Rae8 22. hxg5 Qxg5 23. Bf4 Qg6 24. Rfd1 Re6 25. Rg3 Rfe8 26. Rxg6+ fxg6 27. Kh2 g5 28. Bg3 Kg7 29. Qc2 b5 30. Qd3 b4 31. Qc4 Re2 32. Rd3 R2e4 33. Rf3 R8e7 34. Qd5 d3 35. Qxd3 Rd4 36. Qf5 Rh4+ 37. Bxh4 1-0

[Event "Austria Championship Blitz 2024"]
[Site "Innsbruck"]
[Date "2024.06.01"]
[Round "9.22"]
[White "Guba, Viktor"]
[Black "Schranzhofer, Marco"]
[Result "0-1"]
[ECO "B10"]
[WhiteElo "1891"]
[BlackElo "1908"]
[Annotator "RC"]
[PlyCount "102"]
[EventDate "2024.06.01"]
[EventType "swiss"]
[EventCountry "AUT"]
[SourceTitle "playchess.com"]
[Source "ChessBase"]
[SourceQuality "1"]
[TimeControl "180+2"]

1. e4 c6 2. Nf3 d5 3. exd5 cxd5 4. Ne5 Nc6 5. d4 Nf6 6. Bb5 Bd7 7. Nxd7 Qxd7 8. c3 a6 9. Bd3 e6 10. O-O Rc8 11. Nd2 Bd6 12. f4 Qc7 13. g3 Ne7 14. Nf3 Ne4 15. Re1 f5 16. Ne5 Bxe5 17. fxe5 O-O 18. Be3 Nc6 19. Rc1 Qb6 20. b4 Na7 21. Qb3 Nb5 22. Bxe4 fxe4 23. a4 Na7 24. c4 dxc4 25. Rxc4 Rxc4 26. Qxc4 Qc6 27. Qb3 Rf3 28. Qb2 Qd5 29. Qe2 Nc6 30. Qd2 h6 31. Rc1 Kh7 32. Rc5 Qb3 33. Rc3 Qb1+ 34. Rc1 Qd3 35. Qxd3 exd3 36. Bf2 d2 37. Rd1 Rd3 38. Kf1 Nxd4 39. Bxd4 Rxd4 40. b5 axb5 41. axb5 Rd5 42. Kf2 b6 43. Kf3 Kg6 44. Ke4 Kf7 45. Rf1+ Ke7 46. Rd1 g6 47. Ke3 Rxe5+ 48. Kxd2 Rd5+ 49. Kc2 Rxd1 50. Kxd1 Kd6 51. Kd2 Kc5 0-1

[Event "Austria Championship Blitz 2024"]
[Site "Innsbruck"]
[Date "2024.06.01"]
[Round "9.23"]
[White "Walder, Elias"]
[Black "Kummer, Helmut"]
[Result "1/2-1/2"]
[ECO "A26"]
[WhiteElo "2035"]
[BlackElo "2212"]
[Annotator "RC"]
[PlyCount "96"]
[EventDate "2024.06.01"]
[EventType "swiss"]
[EventCountry "AUT"]
[SourceTitle "playchess.com"]
[Source "ChessBase"]
[SourceQuality "1"]
[TimeControl "180+2"]

1. c4 e5 2. g3 Nc6 3. Bg2 Nf6 4. d3 g6 5. Nc3 Bg7 6. Nf3 d6 7. O-O O-O 8. d4 exd4 9. Nxd4 Bd7 10. Nc2 Rb8 11. b3 Re8 12. Bb2 Qc8 13. Re1 Bh3 14. Bh1 Ne5 15. Ne3 Nfg4 16. Nxg4 Nxg4 17. Qc2 Re6 18. Nd5 Re8 19. Bxg7 Kxg7 20. Qc3+ f6 21. Rad1 Ne5 22. Rd2 Be6 23. Bg2 Bxd5 24. Rxd5 Qe6 25. e3 Nf7 26. Red1 c6 27. R5d2 Qe5 28. Qd4 Qxd4 29. Rxd4 Re5 30. Kf1 Rbe8 31. Ke2 Ra5 32. R1d2 Rae5 33. h3 h6 34. h4 g5 35. hxg5 hxg5 36. Rd1 Rh8 37. Rh1 Rxh1 38. Bxh1 Re8 39. Rd1 Rh8 40. Bf3 f5 41. Rh1 Rxh1 42. Bxh1 Kf6 43. Bf3 Kg7 44. Bh1 Kf6 45. Kd3 Ne5+ 46. Kd2 Nd7 47. Ke2 Ke5 48. f4+ gxf4 1/2-1/2

[Event "Austria Championship Blitz 2024"]
[Site "Innsbruck"]
[Date "2024.06.01"]
[Round "9.24"]
[White "Neuschmied, Siegfried"]
[Black "Sovago, Philipp"]
[Result "1-0"]
[ECO "B31"]
[WhiteElo "2234"]
[BlackElo "1954"]
[Annotator "RC"]
[PlyCount "79"]
[EventDate "2024.06.01"]
[EventType "swiss"]
[EventCountry "AUT"]
[SourceTitle "playchess.com"]
[Source "ChessBase"]
[SourceQuality "1"]
[TimeControl "180+2"]

1. e4 c5 2. Nf3 Nc6 3. Bb5 g6 4. Bxc6 bxc6 5. O-O Bg7 6. Re1 e6 7. d3 d5 8. e5 Ne7 9. b3 O-O 10. Bb2 a5 11. a4 Ba6 12. Nbd2 Rb8 13. Rb1 Qc7 14. Bc3 d4 15. Bb2 Nd5 16. Ne4 Rfd8 17. Nxc5 Qa7 18. Bxd4 Nc3 19. Bxc3 Qxc5 20. Qd2 Rd5 21. Re4 Rbd8 22. h4 Qb6 23. Qe1 Bf8 24. h5 Bc5 25. hxg6 hxg6 26. Rh4 Kg7 27. Qd2 Kf8 28. Rh8+ Ke7 29. Qg5+ Kd7 30. Rxd8+ Qxd8 31. Qxd8+ Kxd8 32. Bxa5+ Kd7 33. Bd2 Ba7 34. Re1 Ke8 35. g3 Rd7 36. Kg2 Kf8 37. Rh1 Kg7 38. Bh6+ Kg8 39. Bg5 Bc5 40. Bf6 1-0

[Event "Austria Championship Blitz 2024"]
[Site "Innsbruck"]
[Date "2024.06.01"]
[Round "10.1"]
[White "Blohberger, Felix"]
[Black "Horvath, Dominik"]
[Result "1-0"]
[ECO "A05"]
[WhiteElo "2506"]
[BlackElo "2554"]
[Annotator "RC"]
[PlyCount "93"]
[EventDate "2024.06.01"]
[EventType "swiss"]
[EventCountry "AUT"]
[SourceTitle "playchess.com"]
[Source "ChessBase"]
[SourceQuality "1"]
[TimeControl "180+2"]

1. Nf3 Nf6 2. b3 g6 3. Bb2 Bg7 4. g3 d5 5. c4 dxc4 6. bxc4 O-O 7. Bg2 c5 8. O-O Nc6 9. d3 Bd7 10. Nbd2 Qc8 11. Rb1 b6 12. Ne5 Nxe5 13. Bxe5 Bc6 14. a4 Bxg2 15. Kxg2 h5 16. Nf3 Qc6 17. Kg1 Rfd8 18. Qb3 Qe6 19. Qb2 Ne8 20. Ra1 Bxe5 21. Qxe5 Qxe5 22. Nxe5 Nd6 23. Rfb1 Kg7 24. a5 bxa5 25. Rxa5 Rdc8 26. Nd7 Nf5 27. Nxc5 Nd4 28. Rb2 Nc6 29. Ra1 Nd4 30. Ne4 a5 31. Ra4 Rab8 32. Rba2 Nc6 33. Nc3 e5 34. Nb5 Rd8 35. f3 f5 36. Nc7 Kh6 37. Nd5 Rb1+ 38. Kf2 Rh1 39. Kg2 Rc1 40. Ra1 Rxa1 41. Rxa1 Ra8 42. Kf2 a4 43. Ra3 Nd4 44. Nc3 Rb8 45. Rxa4 Rb3 46. Nd1 Rb2 47. Nxb2 1-0

[Event "Austria Championship Blitz 2024"]
[Site "Innsbruck"]
[Date "2024.06.01"]
[Round "10.2"]
[White "Schwabeneder, Florian"]
[Black "Wohlfahrt, Herbert"]
[Result "1/2-1/2"]
[ECO "C55"]
[WhiteElo "2405"]
[BlackElo "2328"]
[Annotator "RC"]
[PlyCount "205"]
[EventDate "2024.06.01"]
[EventType "swiss"]
[EventCountry "AUT"]
[SourceTitle "playchess.com"]
[Source "ChessBase"]
[SourceQuality "1"]
[TimeControl "180+2"]

1. e4 e5 2. Bc4 Nf6 3. d3 Be7 4. Nf3 Nc6 5. O-O O-O 6. Re1 d6 7. a4 h6 8. Nc3 Re8 9. h3 Bf8 10. a5 a6 11. Nd5 Nxd5 12. Bxd5 Ne7 13. Bb3 Ng6 14. c3 Qf6 15. Nh2 Be6 16. Bxe6 fxe6 17. Qf3 Qxf3 18. Nxf3 Be7 19. g3 Bf6 20. Kg2 Ne7 21. Nh2 c5 22. Ng4 Rf8 23. Bd2 Nc6 24. c4 Nd4 25. Bc3 Nc2 26. Rec1 Nxa1 27. Rxa1 Rab8 28. Ra3 Kf7 29. Rb3 Bd8 30. h4 b5 31. axb6 Rxb6 32. Ra3 Rc6 33. h5 Bg5 34. Bxe5 Rb8 35. Bc3 Bc1 36. Ra2 Rcb6 37. Ne3 Bxb2 38. Bxb2 Rxb2 39. Rxa6 R2b6 40. Ra7+ R8b7 41. Ra8 Rb3 42. Rc8 Rxd3 43. e5 Rb2 44. Ng4 Rdd2 45. exd6 Rxd6 46. Rc7+ Kf8 47. Rxc5 Rdd2 48. Rc7 Rbc2 49. c5 Rd5 50. c6 Rdc5 51. Ra7 Rxc6 52. Ne5 Rc7 53. Ra8+ Ke7 54. Rg8 Kf6 55. Ng4+ Kf7 56. Ra8 Rb2 57. Ne3 Rd7 58. Ra4 Rc7 59. Ng4 Ke7 60. Ne3 Rd7 61. Rg4 Kf8 62. Re4 Rd6 63. Nc4 Rdb6 64. Nxb2 Rxb2 65. Rxe6 Rb4 66. f3 Kf7 67. Re5 Rb3 68. g4 Rc3 69. Kg3 Rc4 70. Rf5+ Ke6 71. Ra5 Kf6 72. Ra6+ Kf7 73. Rb6 Rd4 74. Kf2 Ra4 75. Rb5 Kf6 76. Ke3 Ra3+ 77. Kf4 Ra4+ 78. Kg3 Rc4 79. Rb6+ Kf7 80. Rd6 Ke7 81. Rd3 Kf6 82. f4 Rc1 83. Rd6+ Kf7 84. Rd5 Rg1+ 85. Kf3 Rf1+ 86. Ke4 Kf6 87. Rd6+ Ke7 88. Ra6 Rb1 89. Kf5 Kf7 90. Ra7+ Kg8 91. Re7 Rb5+ 92. Re5 Rb6 93. Re6 Rb4 94. g5 hxg5 95. fxg5 Kh7 96. Re7 Rb5+ 97. Re5 Rb1 98. Re8 Rf1+ 99. Kg4 Rg1+ 100. Kf4 Rf1+ 101. Kg3 Rg1+ 102. Kf4 Rf1+ 103. Ke4 1/2-1/2

[Event "Austria Championship Blitz 2024"]
[Site "Innsbruck"]
[Date "2024.06.01"]
[Round "10.3"]
[White "Platzgummer, Fabian"]
[Black "Shengelia, David"]
[Result "1/2-1/2"]
[ECO "E17"]
[WhiteElo "2311"]
[BlackElo "2465"]
[Annotator "TA"]
[PlyCount "85"]
[EventDate "2024.06.01"]
[EventType "swiss"]
[EventCountry "AUT"]
[SourceTitle "playchess.com"]
[Source "ChessBase"]
[SourceQuality "1"]
[TimeControl "180+2"]

1. Nf3 Nf6 2. c4 e6 3. g3 b6 4. Bg2 Bb7 5. O-O Be7 6. Nc3 O-O 7. Re1 d5 8. cxd5 exd5 9. d4 Nbd7 10. Bf4 c5 11. Rc1 c4 (11... Ne4 $11 {remains equal.}) 12. Ne5 Rc8 13. h3 {[%emt 0:00:11] White has more active pieces.} (13. Qa4 $16 Nxe5 14. dxe5) 13... a6 $11 14. a4 Nxe5 15. dxe5 Ne4 16. Nxe4 dxe4 17. Qc2 Qd5 18. Red1 Qc6 19. Rd4 Qc5 20. Rxc4 ({And not} 20. Qxc4 g5 21. Bxe4 Bxe4 22. Rxe4 gxf4 23. Rxf4 Qxc4 (23... Qxe5 24. Qxc8 Rxc8 25. Rg4+ Bg5 26. Rxc8+ Kg7 27. h4 $16) 24. Rfxc4 Rxc4 25. Rxc4 Rd8 $19) 20... Qa5 (20... Qd5 $16 {is a better defense.}) 21. Rxc8 $2 (21. Bxe4 $18 {and White stays clearly on top.} Rxc4 22. Qxc4) 21... Rxc8 $16 22. Qd1 Rxc1 23. Qxc1 Qc5 24. Qd2 h6 (24... Qd5 $16 {was worth a try.}) 25. Be3 ({Better is} 25. Qd7 $18 Bc8 26. Qe8+ Bf8 27. Be3 (27. Bxe4 Be6 $16)) 25... Qc6 26. Qd4 Bc5 (26... b5 $16) 27. Qd8+ $18 Kh7 28. Bxc5 Qxc5 {[%emt 0:00:01][%mdl 4096] Endgame. KQB-KQB} 29. Qd7 (29. b4 $18 Qc6 (29... Qxb4 $2 {is the wrong capture.} 30. Qd7 $18) 30. e3) 29... Bd5 $16 {[%emt 0:00:00] [#]} 30. e6 $2 fxe6 $15 31. e3 $2 (31. b3 $15) 31... Qc1+ $19 32. Kh2 Qxb2 33. Qf7 Qf6 (33... b5 $19 {has better winning chances.} 34. axb5 axb5 (34... Qxb5 35. h4 $17)) 34. Qa7 $2 {[%emt 0:00:05] [#]} (34. Qxf6 $17 gxf6 35. Bf1) 34... Qxf2 $2 (34... b5 $1 $19 {[%cal Rb5b4] is more deadly.} 35. axb5 axb5) 35. Qxb6 $17 {[%emt 0:00:01][%cal Oa4a5] [#]} a5 $1 36. Qc5 Qe2 37. Qd4 $2 (37. h4 $17 {was the only defense.}) 37... Qd3 $19 {[%emt 0:00:01] Threatens to win with ...Qxd4.} 38. Kg1 (38. Qa7 {keeps fighting.}) 38... Qb1+ $2 (38... Kg6 {...Qxd4 is the strong threat.} 39. Bf1 Qxd4 40. exd4 e3 41. Bd3+ Kg5) 39. Kh2 (39. Bf1 $142) 39... Qb3 $2 (39... Qb4 $19 {Strongly threatening ...Qxd4.} 40. Qa1 Qd2) 40. Bxe4+ $11 {[%emt 0:00:01] The position is equal.} Bxe4 41. Qxe4+ Kg8 42. Qa8+ Kh7 43. Qe4+ {[%emt 0:00:01] Weighted Error Value: White=0.70/Black=0.61.  Loses game:     	White=3     	Black=1      Missed win:     	White=1     	Black=3      Mistake:       	White=6     	Black=4      Inaccurate:     	---       	Black=1      OK:         	White=7     	Black=6      Best:        	White=6     	Black=6      Brilliant:      	---       	Black=1} 1/2-1/2

[Event "Austria Championship Blitz 2024"]
[Site "Innsbruck"]
[Date "2024.06.01"]
[Round "10.4"]
[White "Balint, Peter"]
[Black "Kruckenhauser, Arthur"]
[Result "0-1"]
[ECO "B78"]
[WhiteElo "2343"]
[BlackElo "2340"]
[Annotator "RC"]
[PlyCount "76"]
[EventDate "2024.06.01"]
[EventType "swiss"]
[EventCountry "AUT"]
[SourceTitle "playchess.com"]
[Source "ChessBase"]
[SourceQuality "1"]
[TimeControl "180+2"]

1. e4 c5 2. Nf3 d6 3. d4 cxd4 4. Nxd4 Nf6 5. Nc3 g6 6. Be3 Bg7 7. f3 O-O 8. Qd2 Nc6 9. Bc4 Bd7 10. O-O-O Rc8 11. Bb3 Nxd4 12. Bxd4 b5 13. Nd5 Nxd5 14. Bxg7 Kxg7 15. exd5 a5 16. a3 Qb6 17. Rhe1 Rfe8 18. Kb1 a4 19. Ba2 Bf5 20. Rc1 h5 21. h3 h4 22. Ka1 Rc7 23. c3 Qa7 24. Rcd1 f6 25. Re3 Qc5 26. Rde1 Qa7 27. Qf2 b4 28. axb4 a3 29. R3e2 axb2+ 30. Kxb2 Qb7 31. Bb3 Rec8 32. Qd4 g5 33. Re3 Kf7 34. Ra1 Qb5 35. Qd2 Qb6 36. c4 Rxc4 37. Bxc4 Rxc4 38. Rc3 Qxb4+ 0-1

[Event "Austria Championship Blitz 2024"]
[Site "Innsbruck"]
[Date "2024.06.01"]
[Round "10.5"]
[White "Cafasso, Elia"]
[Black "Lerch, Johannes"]
[Result "1/2-1/2"]
[ECO "C41"]
[WhiteElo "2178"]
[BlackElo "2208"]
[Annotator "RC"]
[PlyCount "123"]
[EventDate "2024.06.01"]
[EventType "swiss"]
[EventCountry "AUT"]
[SourceTitle "playchess.com"]
[Source "ChessBase"]
[SourceQuality "1"]
[TimeControl "180+2"]

1. e4 d6 2. d4 Nf6 3. Nc3 e5 4. Nf3 Nbd7 5. Bc4 Be7 6. O-O O-O 7. a4 a6 8. Re1 b6 9. h3 Bb7 10. Ba2 c6 11. Be3 b5 12. d5 cxd5 13. Nxd5 Nxe4 14. axb5 axb5 15. Qd3 Nef6 16. Qxb5 Rb8 17. Nxe7+ Qxe7 18. Qe2 d5 19. Bg5 Rfe8 20. c3 h6 21. Bh4 Qd6 22. Rad1 Qc5 23. Bg3 Ra8 24. Bb1 e4 25. Nd4 Nb6 26. Nf5 Bc8 27. Nd6 Re6 28. Nxc8 Rxc8 29. Qe3 Qxe3 30. Rxe3 Nc4 31. Re2 Rb6 32. Bh4 Rxb2 33. Rxb2 Nxb2 34. Rd2 g5 35. Bg3 Na4 36. Be5 Nd7 37. Bd4 Nxc3 38. Bc2 Nb5 39. Be3 d4 40. Bxd4 Nxd4 41. Bxe4 Rc1+ 42. Kh2 Nf6 43. Rxd4 Nxe4 44. Rxe4 Rc6 45. f3 Kg7 46. Rb4 Rd6 47. h4 Rc6 48. hxg5 hxg5 49. Kg3 Kg6 50. Rb5 f6 51. Rb7 Ra6 52. Rb4 Ra5 53. Rb2 Ra3 54. Re2 Ra4 55. Re3 f5 56. Rb3 Ra2 57. Rb6+ Kh5 58. Kh3 g4+ 59. fxg4+ fxg4+ 60. Kh2 Ra3 61. Rb8 Kg5 62. Rb4 1/2-1/2

[Event "Austria Championship Blitz 2024"]
[Site "Innsbruck"]
[Date "2024.06.01"]
[Round "10.6"]
[White "Gschiel, Alexander"]
[Black "Binder, Moriz"]
[Result "1-0"]
[ECO "E05"]
[WhiteElo "2355"]
[BlackElo "2210"]
[Annotator "RC"]
[PlyCount "77"]
[EventDate "2024.06.01"]
[EventType "swiss"]
[EventCountry "AUT"]
[SourceTitle "playchess.com"]
[Source "ChessBase"]
[SourceQuality "1"]
[TimeControl "180+2"]

1. d4 Nf6 2. c4 e6 3. Nf3 d5 4. g3 Be7 5. Bg2 O-O 6. O-O dxc4 7. Qc2 b5 8. a4 b4 9. Ne5 Nd5 10. Nxc4 Nd7 11. Na5 c5 12. Nc6 Qe8 13. Nxe7+ Qxe7 14. e4 N5f6 15. dxc5 Qxc5 16. Qb3 Ba6 17. Be3 Qc4 18. Qxc4 Bxc4 19. Rc1 Rfc8 20. Nd2 Bd3 21. Rxc8+ Rxc8 22. Bxa7 Rc2 23. Be3 Rxb2 24. a5 Ba6 25. Bf1 Nb8 26. Rc1 h6 27. Bxa6 Nxa6 28. Rc6 Ng4 29. Nf1 Nxe3 30. Nxe3 Ra2 31. Rxa6 b3 32. Rb6 b2 33. Kg2 g5 34. Nc4 Ra4 35. Nxb2 Rxa5 36. Nc4 Ra4 37. Nd6 Rd4 38. e5 Rd5 39. Rb5 1-0

[Event "Austria Championship Blitz 2024"]
[Site "Innsbruck"]
[Date "2024.06.01"]
[Round "10.7"]
[White "Horvath, Reka"]
[Black "Hengl, Philip"]
[Result "0-1"]
[ECO "B11"]
[WhiteElo "2009"]
[BlackElo "2173"]
[Annotator "RC"]
[PlyCount "104"]
[EventDate "2024.06.01"]
[EventType "swiss"]
[EventCountry "AUT"]
[SourceTitle "playchess.com"]
[Source "ChessBase"]
[SourceQuality "1"]
[TimeControl "180+2"]

1. e4 c6 2. Nc3 d5 3. Nf3 Bg4 4. h3 Bxf3 5. Qxf3 e6 6. d4 dxe4 7. Qxe4 Nf6 8. Qd3 Be7 9. Bf4 O-O 10. O-O-O Nd5 11. Be5 Bf6 12. Qg3 Nxc3 13. Qxc3 Nd7 14. Bd6 Be7 15. Bf4 Bg5 16. Qd2 Bxf4 17. Qxf4 Nf6 18. Bd3 Qa5 19. Kb1 Rfd8 20. Rhe1 Qb6 21. Re5 Rd5 22. Rg5 Rxg5 23. Qxg5 Rd8 24. c3 h6 25. Qh4 a5 26. Bc2 c5 27. dxc5 Rxd1+ 28. Bxd1 Qxc5 29. Bc2 b6 30. Qg3 e5 31. Qf3 Qd5 32. Qxd5 Nxd5 33. Be4 Nf4 34. Kc2 Kf8 35. h4 Ke7 36. g3 Ne6 37. Kd2 g6 38. Ke3 f5 39. Bd5 Nc7 40. Bc6 Kd6 41. Bg2 Ne6 42. b3 Nc5 43. b4 Na4 44. Kd3 Nb2+ 45. Kc2 Nc4 46. Bf1 Kd5 47. Kb3 Nd2+ 48. Kc2 Nxf1 49. Kd3 axb4 50. cxb4 Nh2 51. Ke3 Ng4+ 52. Kd3 Nxf2+ 0-1

[Event "Austria Championship Blitz 2024"]
[Site "Innsbruck"]
[Date "2024.06.01"]
[Round "10.8"]
[White "Schnegg, Daniel"]
[Black "Myagmarsuren, Mandukhai"]
[Result "0-1"]
[ECO "A03"]
[WhiteElo "2115"]
[BlackElo "2092"]
[Annotator "RC"]
[PlyCount "78"]
[EventDate "2024.06.01"]
[EventType "swiss"]
[EventCountry "AUT"]
[SourceTitle "playchess.com"]
[Source "ChessBase"]
[SourceQuality "1"]
[TimeControl "180+2"]

1. f4 d5 2. b3 c5 3. e3 Nc6 4. Bb2 Nf6 5. Nf3 Bg4 6. Be2 g6 7. O-O Bg7 8. d3 O-O 9. Nbd2 Re8 10. Ne5 Bxe2 11. Qxe2 d4 12. Nxc6 bxc6 13. e4 e5 14. Nc4 exf4 15. Rxf4 Nd5 16. Rf3 Bh6 17. Bc1 Nc3 18. Qf1 Bxc1 19. Rxc1 f5 20. e5 a5 21. a4 Ra7 22. g3 Rae7 23. Qg2 Rxe5 24. Nxe5 Rxe5 25. Rf2 Nd5 26. Re2 Qe7 27. Rce1 Ne3 28. Qxc6 Re6 29. Qa8+ Kg7 30. Qxa5 f4 31. gxf4 Qh4 32. Qc7+ Kh6 33. f5 gxf5 34. Kh1 Rg6 35. Rg1 Rxg1+ 36. Kxg1 Qg4+ 37. Qg3 Qxe2 38. Qf4+ Kh5 39. Qf2 Qd1+ 0-1

[Event "Austria Championship Blitz 2024"]
[Site "Innsbruck"]
[Date "2024.06.01"]
[Round "10.9"]
[White "Wetscher, Wolfgang"]
[Black "Polterauer, Chiara"]
[Result "1/2-1/2"]
[ECO "A00"]
[WhiteElo "1937"]
[BlackElo "2136"]
[Annotator "RC"]
[PlyCount "100"]
[EventDate "2024.06.01"]
[EventType "swiss"]
[EventCountry "AUT"]
[SourceTitle "playchess.com"]
[Source "ChessBase"]
[SourceQuality "1"]
[TimeControl "180+2"]

1. c3 c5 2. Qc2 e5 3. d3 d5 4. Nd2 Nf6 5. e4 Be6 6. Ngf3 Nc6 7. Be2 h6 8. h3 Bd6 9. Nf1 Ne7 10. Ng3 Ng6 11. Bd2 d4 12. c4 O-O 13. O-O a6 14. a3 b5 15. b3 Qd7 16. Nh2 Rab8 17. Rfb1 Rb7 18. Qd1 Rfb8 19. Ng4 Nxg4 20. Bxg4 Bxg4 21. hxg4 bxc4 22. bxc4 Rxb1 23. Rxb1 Rxb1 24. Qxb1 Qxg4 25. Nf5 Bf8 26. g3 Nf4 27. Bxf4 exf4 28. Kg2 f3+ 29. Kg1 Qh3 30. Nh4 g5 31. Nxf3 Qg4 32. Kg2 h5 33. Nh2 Qe2 34. Nf3 f6 35. Ng1 Qd2 36. Qb6 Qxd3 37. Qxf6 Qxe4+ 38. f3 Qc2+ 39. Kh1 Qxc4 40. Qxg5+ Bg7 41. Qxh5 d3 42. Qe8+ Kh7 43. Qh5+ Kg8 44. Qe8+ Kh7 45. Qh5+ Bh6 46. Qf5+ Kg7 47. Qd7+ Kg6 48. Qd6+ Kh7 49. Qd7+ Bg7 50. Qh3+ Kg8 1/2-1/2